 Dungeon Crawl Stone Soup version 0.28-a0-657-g71136c5590 (webtiles) character file.

Game seed: 18145711262627180205

215 lawman0 the Covert (level 5, -28/47 HPs)
             Began as a Gnoll Delver on Oct 13, 2021.
             Was a Follower of Fedhas.
             Killed from afar by Ijyb (34 damage)
             ... with a bolt of acid
             ... on level 5 of the Dungeon.
             The game lasted 00:04:03 (4190 turns).

lawman0 the Covert (Gnoll Delver)                   Turns: 4190, Time: 00:04:04

Health: -28/47     AC: -4    Str: 11    XL:     5   Next: 92%
Magic:  7/7        EV: 13    Int: 10    God:    Fedhas [*.....]
Gold:   116        SH:  4    Dex: 14    Spells: 4/7 levels left

rFire   . . .      SeeInvis .   a - +1 falchion
rCold   . . .      Faith    .   m - +0 buckler
rNeg    . . .      Spirit   .   b - +0 leather armour
rPois   .          Reflect  .   (no helmet)
rElec   .          Harm     .   (no cloak)
rCorr   .          Rampage  .   (no gloves)
Will    .....                   (no boots)
Stlth   ++++......              (no amulet)
HPRegen 0.15/turn               (no ring)
MPRegen 0.10/turn               (no ring)

@: corroded
A: fangs 1, strong nose, distributed training
a: Renounce Religion


You were on level 5 of the Dungeon.
You worshipped Fedhas.
Fedhas was aware of your devotion.
You visited 1 branch of the dungeon, and saw 4 of its levels.

You collected 116 gold pieces.

Inventory:

Hand Weapons
 a - a +1 falchion (weapon)
Missiles
 j - 4 poisoned darts (quivered)
Armour
 b - a +0 leather armour (worn)
 m - a +0 buckler (worn)
Wands
 g - a wand of digging (3)
Scrolls
 c - a scroll of fog
 e - a scroll of brand weapon {unknown}
 f - a scroll of magic mapping
 h - a scroll of enchant weapon
 k - a scroll of holy word {unknown}
 n - a scroll of vulnerability {unknown}
Potions
 d - a potion of curing


   Skills:
 + Level 6.7 Fighting
 + Level 1.7 Short Blades
 + Level 4.9 Long Blades
 + Level 1.7 Axes
 + Level 1.7 Maces & Flails
 + Level 1.7 Polearms
 + Level 1.7 Staves
 + Level 1.7 Slings
 + Level 1.7 Bows
 + Level 1.7 Crossbows
 + Level 1.7 Throwing
 + Level 1.7 Armour
 + Level 4.9 Dodging
 + Level 9.7 Stealth
 + Level 1.7 Shields
 + Level 1.7 Unarmed Combat
 + Level 1.7 Spellcasting
 + Level 1.3 Conjurations
 + Level 1.3 Hexes
 + Level 1.3 Summonings
 + Level 1.3 Necromancy
 + Level 1.3 Translocations
 + Level 1.3 Transmutations
 + Level 1.3 Fire Magic
 + Level 1.3 Ice Magic
 + Level 1.3 Air Magic
 + Level 1.3 Earth Magic
 + Level 1.3 Poison Magic
 + Level 1.9 Invocations
 + Level 1.7 Evocations


You had 4 spell levels left.
You knew the following spells:

 Your Spells              Type           Power      Damage    Failure   Level
a - Teleport Other        Tloc           3%         N/A       67%         3

Your spell library contained the following spells:

 Spells                   Type           Power      Damage    Failure   Level
 Shock                    Conj/Air       12%        1d3       32%         1
 Ensorcelled Hibernation  Hex/Ice        6%         N/A       43%         2
 Gell's Gravitas          Tloc           1%         N/A       67%         3
 Lesser Beckoning         Tloc           3%         N/A       67%         3
 Spider Form              Tmut/Pois      1%         N/A       67%         3
 Swiftness                Air            3%         N/A       67%         3
 Tukima's Dance           Hex            3%         N/A       67%         3
 Airstrike                Air            1%         N/A       97%         4
 Passage of Golubria      Tloc           N/A        N/A       97%         4
 Yara's Violent Unravell  Hex/Tmut       1%         3d3       100%        5


Dungeon Overview and Level Annotations

Branches:
Dungeon (5/15)
 Temple: D:4-7

Altars:
Fedhas
Ru

Annotations:
D:5 Ijyb


Innate Abilities, Weirdness & Mutations

You have very sharp teeth.
Your uncanny sense of smell can sniff out nearby items.
Your experience applies equally to all skills.


Message History

You hit Ijyb but do no damage. You block Ijyb's attack.
You hit Ijyb but do no damage. Ijyb hits you but does no damage.
You slash Ijyb!
Ijyb is moderately wounded.
Ijyb hits you with a +0 club.
You hit Ijyb but do no damage.
Ijyb is moderately wounded.
Ijyb zaps a wand.
The bolt of acid hits you! The acid corrodes you!
You hit Ijyb but do no damage.
Ijyb is moderately wounded.
Ijyb closely misses you.
You hit Ijyb but do no damage.
Ijyb is moderately wounded.
Ijyb hits you with a +0 club!
* * * LOW HITPOINT WARNING * * *
You barely miss Ijyb.
Ijyb is moderately wounded.
Ijyb hits you with a +0 club.
* * * LOW HITPOINT WARNING * * *
Unknown command.
You feel much better. Ijyb closely misses you.
You hit Ijyb. You bite Ijyb, but do no damage.
Ijyb is moderately wounded.
You block Ijyb's attack.
You hit Ijyb but do no damage.
Ijyb is moderately wounded.
Ijyb screams, "No!
No, no, no, no!"
Ijyb misses you. Ijyb barely misses you.
You hit Ijyb but do no damage.
Ijyb is moderately wounded.
Ijyb zaps a wand.
The bolt of acid hits you!!
Ouch! That really hurt!
* * * LOW HITPOINT WARNING * * *
The acid corrodes you!
You barely miss Ijyb.
Ijyb is moderately wounded.
Ijyb zaps a wand.
The bolt of acid hits you!!
Ouch! That really hurt!
You die...
Fedhas appreciates your contribution to the ecosystem.

.......<...+,#...#,* #.#
≈≈≈≈≈......###...#,* #.#
....≈......).....#,*******#+#***
≈≈≈.≈.#....####..#,,,,,,,,,,,,,*
..≈.≈.'....+.....#*******,,,,,,*
_.≈.≈......####.## *,,,,,,,,,*
..≈.§......####.# *,**,,,,,,*
≈≈≈.≈.........#+#### *,**,,,,,,*
....≈.$######...@..# *,**,,,,,,*
≈§§.§.....# #...g..#
*,**,,,,,,** ......###.#
#......# *,**,******,
...##.....* #$.....# *,**,* *,
...##.####* #......# *,**,* *,
...##..,,,* #......# *,**,* *,
...#####*,**#......# *,**,* *,
...# *,*,.......# *,**,* **
...#*****,*,,,,,,,,* *,**,*


You could see Ijyb.

Vanquished Creatures
  A scorpion (D:4)
  A centaur zombie (D:5)
  2 iguanas (D:4)
  A gnoll (D:5)
  2 adders
  2 dart slugs (D:2)
  2 orcs
  3 endoplasms
  2 giant cockroaches
  6 goblins
  3 hobgoblins
  3 kobolds
  A quokka (D:2)
  9 ball pythons
  3 bats
  A frilled lizard (D:2)
42 creatures vanquished.

Notes
Turn   | Place    | Note
-------+----------+-------------------------------------------
     0 | D:5      | Reached skill level 9 in Stealth
     0 | D:5      | lawman0 the Gnoll Delver began the quest for the Orb.
     0 | D:5      | Reached XP level 1. HP: 23/23 MP: 1/1
    22 | D:5      | Noticed an orc priest
    22 | D:5      | Noticed a scorpion
    23 | D:5      | Became a worshipper of Fedhas Madash
    54 | D:5      | Noticed an ogre
   366 | D:4      | Noticed a scorpion
   367 | D:4      | Noticed an iguana
   722 | D:3      | Reached XP level 2. HP: 29/29 MP: 2/2
   753 | D:3      | Found a sacrificial altar of Ru.
   965 | D:3      | Reached XP level 3. HP: 35/35 MP: 3/3
  1227 | D:3      | Learned a level 3 spell: Teleport Other
  1778 | D:2      | Reached skill level 1 in Invocations
  2177 | D:2      | Reached * piety under Fedhas
  2288 | D:2      | Reached skill level 1 in Short Blades
  2288 | D:2      | Reached skill level 1 in Axes
  2288 | D:2      | Reached skill level 1 in Maces & Flails
  2288 | D:2      | Reached skill level 1 in Polearms
  2288 | D:2      | Reached skill level 1 in Staves
  2288 | D:2      | Reached skill level 1 in Slings
  2288 | D:2      | Reached skill level 1 in Bows
  2288 | D:2      | Reached skill level 1 in Crossbows
  2288 | D:2      | Reached skill level 1 in Throwing
  2288 | D:2      | Reached skill level 1 in Armour
  2288 | D:2      | Reached skill level 1 in Shields
  2288 | D:2      | Reached skill level 1 in Unarmed Combat
  2288 | D:2      | Reached skill level 1 in Spellcasting
  2288 | D:2      | Reached skill level 1 in Evocations
  2767 | D:4      | Reached XP level 4. HP: 41/41 MP: 5/5
  3157 | D:4      | Reached skill level 1 in Conjurations
  3157 | D:4      | Reached skill level 1 in Hexes
  3157 | D:4      | Reached skill level 1 in Summonings
  3157 | D:4      | Reached skill level 1 in Necromancy
  3157 | D:4      | Reached skill level 1 in Translocations
  3157 | D:4      | Reached skill level 1 in Transmutations
  3157 | D:4      | Reached skill level 1 in Fire Magic
  3157 | D:4      | Reached skill level 1 in Ice Magic
  3157 | D:4      | Reached skill level 1 in Air Magic
  3157 | D:4      | Reached skill level 1 in Earth Magic
  3157 | D:4      | Reached skill level 1 in Poison Magic
  3524 | D:4      | Killed a scorpion
  3525 | D:4      | Reached XP level 5. HP: 47/47 MP: 5/7
  4157 | D:5      | Noticed a water moccasin
  4165 | D:5      | Noticed Ijyb
  4190 | D:5      | Killed from afar by Ijyb

Illustrated notes

Levels and vault maps discovered:
D:2:      layout_basic, minmay_tree_intersection
D:3:      layout_basic, mainiacjoe_overflow_paths
D:4:      layout_layer_cave, minivault_4, kennysheep_minor_cross, ldierk_geyser
D:5:      layout_basic, mainiacjoe_overflow_concentric_impassable, uniq_ijyb

Skill      XL: |  1  2  3  4 |
---------------+-------------+-----
Stealth        | |  9.7
Invocations    | 1 |  1.9
Short Blades   | 1 |  1.7
Axes           | 1 |  1.7
Maces & Flails | 1 |  1.7
Polearms       | 1 |  1.7
Staves         | 1 |  1.7
Slings         | 1 |  1.7
Bows           | 1 |  1.7
Crossbows      | 1 |  1.7
Throwing       | 1 |  1.7
Armour         | 1 |  1.7
Shields        | 1 |  1.7
Unarmed Combat | 1 |  1.7
Spellcasting   | 1 |  1.7
Evocations     | 1 |  1.7
Conjurations   | 1 |  1.3
Hexes          | 1 |  1.3
Summonings     | 1 |  1.3
Necromancy     | 1 |  1.3
Translocations | 1 |  1.3
Transmutations | 1 |  1.3
Fire Magic     | 1 |  1.3
Ice Magic      | 1 |  1.3
Air Magic      | 1 |  1.3
Earth Magic    | 1 |  1.3
Poison Magic   | 1 |  1.3
Fighting       | |  6.7
Long Blades    | |  4.9
Dodging        | |  4.9

Action                   |  1- 3 |  4- 6 || total
-------------------------+-------+-------++-------
Melee: Falchion          |    78 |    47 ||   125
       Bite              |     6 |     3 ||     9
Throw: Dart              |       |    12 ||    12
  Use: Scroll            |     3 |     2 ||     5
       Potion            |     1 |     1 ||     2
 Stab: Sleeping          |    16 |     2 ||    18
Armor: Leather armour    |     7 |    13 ||    20
Dodge: Dodged            |    59 |    38 ||    97
Block: Buckler           |       |     5 ||     5

Table legend: (Time is in decaauts)
 A = Elapsed time spent in this place.
 B = Non-inter-level travel time spent in this place.
 C = Inter-level travel time spent in this place.
 D = Time resting spent in this place.
 E = Time spent auto-exploring this place.
 F = Levels seen in this place.
 G = Mean time per level.
                   A        B        C        D        E       F      G
               +--------+--------+--------+--------+--------+-----+--------+
         Total |   4187 |   4036 |    151 |    699 |   2773 |   4 | 1046.8 |
       Dungeon |   4187 |   4036 |    151 |    699 |   2773 |   4 | 1046.8 |
               +--------+--------+--------+--------+--------+-----+--------+

Top non-repeatable levels by time:
     D:4: 1722 daAuts
     D:2: 1224 daAuts
     D:3: 906 daAuts
     D:5: 335 daAuts
